 Dungeon Crawl Stone Soup version 0.28.0-43-g3370ac3207 (webtiles) character file.

Game seed: 710660141366891848

52 bearlyready the Firebug (level 3, -1/19 HPs)
             Began as a Deep Elf Fire Elementalist on Mar 8, 2022.
             Slain by an adder (3 damage)
             ... on level 2 of the Dungeon.
             The game lasted 00:02:35 (1345 turns).

bearlyready the Firebug (DEFE)                      Turns: 1345, Time: 00:02:36

Health: -1/19      AC:  2    Str:  5    XL:     3   Next: 60%
Magic:  4/9        EV: 12    Int: 21    God:
Gold:   120        SH:  3    Dex: 15    Spells: 5/8 levels left

rFire   + . .      SeeInvis .   e - +0 dagger
rCold   x . .      Faith    .   k - +0 buckler
rNeg    . . .      Spirit   .   a - +0 robe
rPois   .          Reflect  .   (no helmet)
rElec   .          Harm     .   (no cloak)
rCorr   .          Rampage  .   (no gloves)
Will    .....                   (no boots)
Stlth   ++........              (no amulet)
HPRegen 0.06/turn               h - ring of fire
MPRegen 0.11/turn               (no ring)

@: lethally poisoned (-1 -> -4)
A: no striking features
a: no special abilities


You were on level 2 of the Dungeon.
You visited 1 branch of the dungeon, and saw 2 of its levels.

You collected 120 gold pieces.

Inventory:

Hand Weapons
 e - a +0 dagger (weapon)
 i - the +6 hunting sling of Sicitowi {venom, rPois rCorr Dex+2}
   (You found it on level 2 of the Dungeon)

   Any ammunition fired from it poisons the flesh of those it strikes.
   Dex:       It affects your dexterity (+2).
   rPois:     It protects you from poison.
   rCorr:     It protects you from acid and corrosion.
Missiles
 g - 2 curare-tipped darts
 j - 24 sling bullets
Armour
 a - a +0 robe (worn)
 f - a +0 kite shield
 k - a +0 buckler (worn)
Jewellery
 h - a ring of fire (left hand)
Scrolls
 b - a scroll of teleportation {unknown}
 c - a scroll of enchant weapon {unknown}
 d - a scroll of enchant armour {unknown}
 m - a scroll of silence {unknown}
Potions
 l - a potion of mutation {unknown}


   Skills:
 - Level 2.4 Dodging
 - Level 2.4 Stealth
 + Level 0.3 Shields
 - Level 3.0 Spellcasting
 + Level 2.7 Conjurations
 + Level 4.2 Fire Magic


You had 5 spell levels left.
You knew the following spells:

 Your Spells              Type           Power      Damage    Failure   Level
a - Foxfire               Conj/Fire      100%       2x1d9     4%          1
b - Scorch                Fire           62%        2d8       4%          2

Your spell library contained the following spells:

 Spells                   Type           Power      Damage    Failure   Level
 Conjure Flame            Conj/Fire      26%        6-21      13%         3
 Inner Flame              Hex/Fire       18%        N/A       22%         3
 Flame Wave               Conj/Fire      26%        2d7       38%         4
 Call Canine Familiar     Summ           3%         N/A       47%         3
 Portal Projectile        Hex/Tloc       6%         N/A       47%         3
 Leda's Liquefaction      Hex/Erth       1%         N/A       87%         4


Dungeon Overview and Level Annotations

Branches:
Dungeon (2/15)

Altars:

Shops:
D:1 ?


Message History

An adder is nearby!
An adder is nearby!
The adder hisses angrily.
An adder comes into view.
Found a leather armour.
The adder barely misses you. The adder bites you.
You are poisoned.
The adder poisons you!
You feel sick.
You feel sick.
You feel sick.
You feel sick.
You are too injured to fight recklessly!
Casting: Foxfire (safe; 4% risk of failure)
Press: ? - help, Q - select action, (/) - cycle Dir - look around, f - activate You feel a surge of power!
You conjure some foxfire!
You feel sick.
The foxfire hits the adder.
The adder is heavily wounded.
The adder bites you.
Casting: Foxfire (safe; 4% risk of failure)
Confirm with . or Enter, or press ? or * to list all spells.
You feel a surge of power!
Flames lash the adder.
The adder is severely wounded.
The adder's fire resistance burns away.
You feel sick.
You are no longer poisoned.
The foxfire hits the adder!
The adder is burned terribly!
You kill the adder!
The adder bites you.
* * * LOW HITPOINT WARNING * * *
You are lethally poisoned!
The adder poisons you!
Casting: Scorch (safe; 4% risk of failure)
Confirm with . or Enter, or press ? or * to list all spells.
You feel a surge of power!
Flames lash the adder.
The adder is severely wounded.
The adder's fire resistance burns away.
* * * LOW HITPOINT WARNING * * *
You feel sick. The adder bites you.
You die...

#..... #...... .......
....... ....... .....[.
..############.......
.....<.@S.....$......
....##.†######....... .
#..#..## .......
#.....## .......
######...### .......
#..# #.....# .......
#..# #..#..# #......
####..####.#.....#.....
##..........##.##...


You could see an adder (combustible).

Vanquished Creatures
  2 adders (D:2)
  2 worms (D:2)
  A dart slug (D:2)
  An endoplasm (D:1)
  A giant cockroach (D:1)
  4 goblins
  A hobgoblin (D:1)
  2 quokkas (D:2)
  3 ball pythons
  2 bats (D:1)
  A frilled lizard (D:2)
  2 kobolds (D:1)
  4 rats (D:1)
26 creatures vanquished.

Vanquished Creatures (others)
  105 foxfires
105 creatures vanquished.

Grand Total: 131 creatures vanquished

Notes
Turn   | Place    | Note
-------+----------+-------------------------------------------
     0 | D:1      | bearlyready the Deep Elf Fire Elementalist began the quest
                  | for the Orb.
     0 | D:1      | Reached XP level 1. HP: 10/10 MP: 6/6
   305 | D:1      | Reached XP level 2. HP: 15/15 MP: 5/8
   445 | D:1      | Found Wapywurch's Magic Scroll Shop.
  1019 | D:2      | Reached skill level 4 in Fire Magic
  1019 | D:2      | Reached XP level 3. HP: 19/19 MP: 5/9
  1191 | D:2      | Identified the +6 hunting sling of Sicitowi {venom, rPois
                  | rCorr Dex+2}
  1237 | D:2      | Learned a level 2 spell: Scorch
  1345 | D:2      | Slain by an adder

Illustrated notes

Levels and vault maps discovered:
D:1:      lightli_iron_boxes, layout_rooms, serial_shops, shop
D:2:      layout_rooms

Skill      XL: |  1  2 |
---------------+-------+-----
Conjurations   | 2 |  2.7
Fire Magic     | 4 |  4.2
Dodging        | |  2.4
Stealth        | |  2.4
Shields        | |  0.3
Spellcasting   | |  3.0

Action                   || total
-------------------------++-------
Melee: Dagger            ||     1
 Cast: Foxfire           ||    61
       Scorch            ||     2
Armor: Robe              ||     1
Dodge: Dodged            ||     9
